Cogmind - Beta 16 @@@ ROGUE MODE // 2025.10.31 @ 23:58:43 Player: ZLD1 Result: Destroyed by as-71771 with Assembled Heavy Rifle Performance ------------- Evolutions (0) 0 Regions Visited (2) 400 Robots Destroyed (0) 0 Value Destroyed (0) 0 Prototype IDs (0) 0 Alien Tech Used (0) 0 Bonus (0) 0 TOTAL SCORE: 400 Bonus ------- None Cogmind --------- Core Integrity 0/250 Matter 300/300 Energy 100/100 System Corruption 0% Temperature Cool (0) Movement Core (50) Location -10/Mines Parts ------- > --- POWER (1) -------- (None) > --- PROPULSION (2) --- (None) > --- UTILITY (2) ------ Weight Redist. System Targeting Computer > --- WEAPON (2) ------- (None) > --- INVENTORY (5) ---- Aluminum Leg Small Storage Unit Weight Redist. System Machine Analyzer Advanced Visual Processing Unit Peak State ------------ > --- POWER ------------ Ion Engine > --- PROPULSION ------- Cesium-ion Thruster > --- UTILITY ---------- Weight Redist. System Targeting Computer > --- WEAPON ----------- EM Pulse Gun > --- INVENTORY -------- Aluminum Leg Small Storage Unit Weight Redist. System Machine Analyzer Advanced Visual Processing Unit [Rating: 9] Favorites ----------- Power Ion Engine Engine Ion Engine Propulsion Cesium-ion Thruster Flight Unit Cesium-ion Thruster Utility Targeting Computer Device Weight Redist. System Processor Targeting Computer Weapon EM Pulse Gun Energy Gun EM Pulse Gun Build | -11 -10 -10 ------- Run | Yrd Mat Min Slots Evolved . | . . . Power . | . . . Propulsion . | . . . Utility . | . . . Weapon . | . . . Parts Attached 5 | 1 2 2 Power 1 | . . 1 Engine 1 | . . 1 Core . | . . . Reactor . | . . . Propulsion 1 | . . 1 Treads . | . . . Leg . | . . . Wheel . | . . . Hover . | . . . Flight 1 | . . 1 Utility 2 | . 2 . Device 1 | . 1 . Storage . | . . . Processor 1 | . 1 . Hackware . | . . . Protection . | . . . Artifact . | . . . Weapon 1 | 1 . . Energy Gun 1 | 1 . . Energy Cannon . | . . . Ballistic Gun . | . . . Ballistic Cannon . | . . . Launcher . | . . . Special Weapon . | . . . Impact Weapon . | . . . Slashing Weapon . | . . . Piercing Weapon . | . . . Special Melee Weapon . | . . . Unidentified Prototypes . | . . . Parts Lost 3 | . . 3 Power 1 | . . 1 Propulsion 1 | . . 1 Utility . | . . . Weapon 1 | . . 1 Highest Loss Streak 3 | . . 3 To Critical Strikes . | . . . Average Backups 4 | 2 4 4 Power . | . 1 . Propulsion 1 | 1 2 1 Utility 2 | . 1 3 Weapon . | . . . Tool/Special . | . . . Unused Backups 6 | . . 6 Power . | . . . Propulsion 2 | . . 2 Utility 4 | . . 4 Weapon . | . . . Tool/Special . | . . . Average Slot Usage (%) 51 | . 32 62 Engine 6 | . . 10 Flight 7 | . . 12 Device 10 | . 5 14 Processor 13 | . 12 14 Energy Gun 12 | . 14 11 Peak Build Rating 9 | 1 4 9 Average Rating 5 | . 2 8 On Entrance 1 | . 1 4 Avg Prop Armor Cover (%) . | . . . Naked Turns . | . . . Heaviest Build 7 | 2 2 7 Greatest Support 11 | 3 3 11 Greatest Overweight (x) . | . . . Average Overweight (x) . | . . . Largest Inventory Capacity 5 | 5 5 5 Average Capacity 5 | 5 5 5 Most Carried 5 | 5 5 5 Average Carried 4 | 3 4 4 Final Capacity 5 | 5 5 5 Final Carried 5 | 4 5 5 Class Distribution -------------------- 100% | Mutant Dominant Class ---------------- Mutant | -10/Materials Mutant | -10/Mines Resources | -11 -10 -10 ----------- Run | Yrd Mat Min Matter Collected 250 | 210 . 40 Remotely . | . . . Salvage Created . | . . . Parts . | . . . Haulers Intercepted . | . . . Recyclers Shooed . | . . . Parts Field Recycled . | . . . Retrieved Matter . | . . . Parts Self-Destructed . | . . . Prevented . | . . . Parts Restored . | . . . Kills | -11 -10 -10 ------- Run | Yrd Mat Min Combat Hostiles Destroyed . | . . . Classes Destroyed . | . . . Best Kill Streak . | . . . Combat Bots Only . | . . . Max Kills in Single Turn . | . . . Gunslinging . | . . . Exploded . | . . . Melee . | . . . Uniques/NPCs Destroyed . | . . . Combat | -11 -10 -10 -------- Run | Yrd Mat Min Hostile Shots Fired 48 | . 16 32 Missed 28 | . 8 20 Hits 20 | . 8 12 Projectile 20 | . 8 12 AOE 4 | . . 4 Damage Taken 404 | . 101 303 Core 256 | . 78 178 Absorbed by Shields . | . . . Core Remaining (%) 100 | 100 . . Volleys Fired 1 | . . 1 Largest 1 | . . 1 Hottest 40 | . . 40 Shots Fired 1 | . . 1 Gun 1 | . . 1 Cannon . | . . . Launcher . | . . . Special . | . . . Kinetic . | . . . Thermal . | . . . Explosive . | . . . Electromagnetic 1 | . . 1 Robot Hit Streak . | . . . Robot Miss Streak . | . . . Penetration Max . | . . . Secondary Targets . | . . . Shots Hit Robots . | . . . Core Hits . | . . . Critical Kills . | . . . Critical Parts Destroyed . | . . . Critical Strikes . | . . . Melee Attacks . | . . . Impact . | . . . Slashing . | . . . Piercing . | . . . Sneak Attacks . | . . . Combat Hostiles . | . . . Follow-up Attacks . | . . . Damage Inflicted . | . . . Guns . | . . . Cannons . | . . . Explosions . | . . . Melee . | . . . Ramming . | . . . Kinetic . | . . . Thermal . | . . . Explosive . | . . . Electromagnetic . | . . . Impact . | . . . Slashing . | . . . Piercing . | . . . Highest Corruption . | . . . Average Corruption . | . . . Corruption Purged . | . . . Corruption Blocked . | . . . Overload Shots . | . . . Overflow Damage . | . . . Projectiles . | . . . Explosions . | . . . Melee . | . . . Knockbacks . | . . . Impact . | . . . Kinetic . | . . . Secondary . | . . . Self-Inflicted Damage . | . . . Shots . | . . . Rammed . | . . . Targets Rammed . | . . . Kicked . | . . . Crushed . | . . . Highest Temperature 3 | . . 3 Average Temperature 2 | . . 2 Received Heat Transfer 54 | . 54 . Siege Activations . | . . . Martial Activations . | . . . Shielding Activations . | . . . Robots Disrupted . | . . . Combat Hostiles . | . . . Robots Corrupted . | . . . Combat Hostiles . | . . . Parts Fried . | . . . Impact Corruptions . | . . . Robots Melted . | . . . Combat Hostiles . | . . . Parts Melted . | . . . Heat Transferred . | . . . Parts Sabotaged . | . . . Parts Stolen . | . . . Parts Stripped . | . . . Power Chain Reactions . | . . . Alert | -11 -10 -10 ------- Run | Yrd Mat Min Maximum Alert Level . | . . . Low Security (%) 100 | 100 100 100 Level 1 . | . . . Level 2 . | . . . Level 3 . | . . . Level 4 . | . . . Level 5 . | . . . High Security . | . . . Max Security . | . . . Peak Influence 95 | . 95 33 Initial 33 | . . 33 Average 14 | . 27 7 Influence Increases 105 | . 105 . Lose Combat Pursuer 105 | . 105 . Influence Decreases 105 | . 20 85 Entered New Map 52 | . . 52 Time Decay 53 | . 20 33 Squads Dispatched 2 | . 1 1 Investigation 2 | . 1 1 Extermination . | . . . Reinforcement . | . . . Assault . | . . . Garrison . | . . . Intercept . | . . . Searches Triggered . | . . . Construction Impeded . | . . . Haulers Reinforced . | . . . Active Scanning Responses . | . . . Cargo Convoy Interrupts . | . . . Stealth | -11 -10 -10 --------- Run | Yrd Mat Min Distress Signals . | . . . Communications Jammed . | . . . Distress Signals . | . . . Times Spotted 32 | . 8 24 Peak Tracking Total 9 | . 6 9 Tactical Retreats 5 | . 2 3 Traps | -11 -10 -10 ------- Run | Yrd Mat Min Traps Triggered 1 | . 1 . Indirectly . | . . . Trap Hack Attempts . | . . . Triggered . | . . . Disarmed . | . . . Reprogrammed . | . . . Reused . | . . . Traps Extracted . | . . . Installed . | . . . Triggered . | . . . Machines | -11 -10 -10 ---------- Run | Yrd Mat Min Machines Disabled . | . . . Max in Single Turn . | . . . Machines Repaired . | . . . Machines Dismantled . | . . . Machines Sabotaged . | . . . Overloaded Fab Kills . | . . . Hacking | -11 -10 -10 --------- Run | Yrd Mat Min Machines Accessed 3 | . 2 1 Terminals 2 | . 2 . Fabricators . | . . . Repair Stations . | . . . Recycling Units . | . . . Scanalyzers . | . . . Garrison Access . | . . . Total Hacks 8 | . 7 1 Successful 1 | . . 1 Failed 7 | . 7 . Catastrophic 2 | . 2 . Database Lockouts . | . . . Manual 7 | . 7 . Terminals 7 | . 7 . Fabricators . | . . . Repair Stations . | . . . Recycling Units . | . . . Scanalyzers . | . . . Garrison Access . | . . . Terminal Hacks 1 | . . 1 Open Door 1 | . . 1 Fabricator Hacks . | . . . Repair Station Hacks . | . . . Recycling Unit Hacks . | . . . Scanalyzer . | . . . Garrison Access Hacks . | . . . Unauthorized Hacks . | . . . Terminals . | . . . Fabricators . | . . . Repair Stations . | . . . Recycling Units . | . . . Scanalyzers . | . . . Garrison Access . | . . . Data Cores Recovered . | . . . Used . | . . . Hacking Detections 2 | . 2 . Full Trace Events . | . . . Feedback Events . | . . . Feedback Blocked . | . . . Robot Schematics Acquired . | . . . Robots Built . | . . . Authchips . | . . . Time . | . . . Total Robot Build Rating . | . . . Part Schematics Acquired . | . . . Parts Built . | . . . Authchips . | . . . Time . | . . . Total Part Build Rating . | . . . Part Studies Acquired . | . . . Parts Repaired . | . . . Time . | . . . Parts Recycled . | . . . Recycled Matter . | . . . Retrieved Matter . | . . . Retrieved Components . | . . . Parts Scanalyzed . | . . . Part Schematics Acquired . | . . . Parts Damaged . | . . . Bothacking | -11 -10 -10 ------------ Run | Yrd Mat Min Used RIF Installer . | . . . Robots Hacked . | . . . Non-combat . | . . . Combat . | . . . Robot Hacks Applied . | . . . Relay Couplers Released . | . . . Fabnet Peak Effective % . | . . . Robots Rewired . | . . . Allies Hacked . | . . . Hacks Repelled . | . . . Allies | -11 -10 -10 -------- Run | Yrd Mat Min Total Allies . | . . . Largest Group . | . . . Highest-Rated Group . | . . . Highest-Rated Ally . | . . . Total Orders . | . . . Ally Attacks . | . . . Total Damage . | . . . Kills . | . . . Allies Corrupted . | . . . Allies Melted . | . . . Intel | -11 -10 -10 ------- Run | Yrd Mat Min Active Infowar (turns) . | . . . Robot Analysis Total . | . . . Derelict Logs Recovered 1 | . . 1 Drone Launches . | . . . Drone Recoveries . | . . . Exploration | -11 -10 -10 ------------- Run | Yrd Mat Min Turns Passed 325 | 29 116 180 Spaces Moved 699 | 45 223 431 Core 278 | 45 223 10 Treads . | . . . Legs . | . . . Wheels . | . . . Hover . | . . . Flight 421 | . . 421 Fastest Speed 35 | 50 50 35 Average Speed 40 | 50 50 35 Slowest Speed 50 | 50 50 50 Overloaded Moves . | . . . Propulsion Burnouts . | . . . Robots Hopped 2 | . . 2 Potential Cave-ins . | . . . Cave-ins Triggered . | . . . Exploration Rate (%) 39 | 3 41 75 Regions Visited 2 Branch Regions 1 Pre-discovered Areas . | . . . Known Exits Taken . | . . . Unknown Exits Taken 2 | 1 1 . Scrap Searched . | . . . Spaces Dug . | . . . Terrain Destroyed . | . . . Melee . | . . . Projectile . | . . . AOE . | . . . Terrain Rammed . | . . . Walls Destroyed . | . . . Machines Disabled . | . . . Actions | -11 -10 -10 --------- Run | Yrd Mat Min Total 731 | 50 226 455 Wait 20 | . . 20 Move 693 | 44 222 427 Hop 2 | . . 2 Pick Up 9 | 5 2 2 Fast Attach 2 | . 1 1 Attach 3 | 1 1 1 Detach . | . . . Swap . | . . . Drop 1 | . . 1 Fire 1 | . . 1 Melee . | . . . Ram . | . . . Kick . | . . . Crush . | . . . Escape Stasis . | . . . Rewire . | . . . Trap . | . . . Miscellaneous . | . . . Route ------- -11/Scrapyard -10/Materials (discovered 3 exits: [*Mat] / *Min x2) -10/Mines (discovered 2 exits: [*Mat x2]) History --------- Turn | Location | Event 18 | -11/Scrapyard | Discovered new exit (range 15) 30 | -11/Scrapyard | Entered Materials 51 | -10/Materials | Discovered new exit (range 15) 84 | -10/Materials | Discovered new exit (range 15) 102 | -10/Materials | Discovered new exit (range 9) 146 | -10/Materials | Entered Mines 150 | -10/Mines | Met a Derelict shopkeep closing up shop 202 | -10/Mines | Assembled infested the area 207 | -10/Mines | Assisted by a Guerilla fighting off Assembled 250 | -10/Mines | Learned Materials machine intel 265 | -10/Mines | Discovered new exit (range 15) 298 | -10/Mines | Core integrity fell below 50% 301 | -10/Mines | Core integrity fell below 20% 304 | -10/Mines | Joined a pair of Derelicts in attacking an 0b10 outpost 308 | -10/Mines | Discovered new exit (range 6) 310 | -10/Mines | Received a Mining Laser from a helpful Derelict 311 | -10/Mines | Build established: Mutant 326 | -10/Mines | Destroyed by as-71771 with Assembled Heavy Rifle Last Messages --------------- 00303_ U-05 Engineer builds a Wall. 00304_ A derelict emerges from the shadows: "We've had our eye on this brand new outpost for a little while, just waiting for an opportunity to strike. Need some help?" 00308_ A derelict emerges from the shadows: "What are you doing alone down here?" 00308_ EXIT=FOUND 00310_ ST-1ZQ(g): "And why aren't you carrying a mining laser?! Certainly you don't want THEM to uncover you when the ceiling comes crashing down? Here, take my spare." 00312_ U-05 Engineer builds a Wall. 00313_ K-01 Serf collects debris. 00316_ U-05 Engineer builds a Wall. 00317_ as-32594 sneak attacks. 00317_ U-05 Engineer destroyed. 00317_ as-32594 destroyed. 00320_ U-05 Engineer lays Concrete. 00325_ Cesium-ion Thruster destroyed. Map ----- +----------------------------------------------------+ | ??????????????????????????????????##### | | ?????????????????????????????????????# | | ?????????????????????????????????????# ## | | ?????????????????????????????????????## ###? | | ??????????????????????????????????????## #??? | | ???????????????????????????????????????# ##?? | | ?????????????????????????????????????### ### | | ????????????????????????????????????## | | ????????????????????????????????????# | | ????????????????????????????????????# # # | | ????????????????????????????????????# | | ????????????????????????????????????# | | ????????????????????????????????????# | | ????????????????????????????????????# %= | | ????????????????????????????????????# | | ??????????????????????????????????### | | ????????? ??????????????????????## #% | | ????????? *!????????????????????## | | ???????? %|%###???????????###### | | ???????? !=*= #??????????# # | | ???????? a ##????????# # | | ??????? a ######??# ## ## # | | ???????? a #### # % #### | | ????????# aa ## # #! !# ##??? | | ???????????? < a # # # # #???? | | ???????????????????# @ a ## % ##???# | | ???????????????????##### ###### ![ = #??### | | ???????????????????????####???# =%! #?## | | ??????????????????????????????# ## ### | | ??????????????????????????????###%! ### % | | ???????????????????????????????#!= ###?# | | ??????????????????????????????## #???# | | ????????????????????????????### ##???## | | ???????????????????????###?## ###?????## | | ??????????????????????## ## %# #???????# | | ??????????????????????#"" # # #???????# | | ??????????????????????#[!*!/ ##???????# | | ??????????????????????#/[ / ##????????# # | | ??????????????????????#" !=# #?????????##? | | ??????????????????????##"%## ########????? | | ???????????????????????###?## ### ##???? | | ????????????????????????????# % ## #???? | | ????????????????????????????# ### < #???# | | ????????????????????????????# ### #???## | | ????????????????????????????# #????# | | ????????????????????????????# | #????# | | ????????????????????????????####### ##????## | | ?????????????????????????????????# ##?????## | | ????????????????????????????????# ##??????# | | ????????????????????????????????# #???????# | +----------------------------------------------------+ Best States ------------- Heat Dissipation 25 Energy Generation 10 Energy Capacity 250 Matter Stores 300 Matter Capacity 300 Sight Range 16 Terrain Scan Density 10 Additional Mass Support 6 Evasion (%) 63 Targeting Accuracy 5 Item Schematics ----------------- None Robot Schematics ------------------ None Fabricated ------------ Nothing Repaired ---------- Nothing Studied --------- None Alien Tech Used ----------------- None Achievements -------------- None Challenges ------------ None Game ------ Seed HardenedCoolantClaymores Manual? 0 Play Time 00:10:59 Cumulative 66.8 hours Start 2025.10.31 @ 23:49:09 End 2025.10.31 @ 23:58:43 Sessions 1 Manual Loads 0 Difficulty Rogue Special Mode None Game No. 159 Rogue 159 Adventurer 0 Explorer 0 Win Type - Total 1 Types 1/0/0/0/0/0/0/0/0/0 Lore% 36 Gallery% 38 Achievement% 22 Wizard Run 0 Options --------- Layout 1 ASCII 0 Keyboard 0 Movement Mouse Keybinds 0 Fullscreen 0 Font 24/Smallcaps Map View 59x39 Zoom Use 0% Tactical HUD 1 Map Filters NONE Filters NONE Steam 1 RUN: f3f421b5-2e38-48f6-a6f6-f23c70216e8e